 Dungeon Crawl Stone Soup version 0.32-a0-530-gb6d6f0d0ac (webtiles) character file.

Game seed: 15296851653567669408

1332147 EnegeticOcto the Placeless Minotaur (level 27, 206/226 HPs)
             Began as a Minotaur Wanderer on Feb 22, 2024.
             Was an Elder of Sif Muna.
             Escaped with the Orb
             ... and 3 runes on Feb 27, 2024!
             The game lasted 04:00:46 (128869 turns).

EnegeticOcto the Placeless Minotaur (MiWn)        Turns: 128869, Time: 04:00:47

Health: 206/226    AC: 47    Str: 32 (34) XL:     27
Magic:  34/40      EV: 14    Int:  5 (8)  God:    Sif Muna [****..]
Gold:   1295       SH: 14    Dex: 13 (16) Spells: 22/55 levels left

rFire   + + .        R - +10 war axe "Sotatogh" {flame, +Blink Fly}
rCold   + . .        a - +1 kite shield {AC+3}
rNeg    + + +        p - +9 plate armour of Roriduym {rElec rN+++ Str-3 Int+4}
rPois   .            Q - +2 hat
rElec   +            v - +4 dragonskin cloak
rCorr   .            O - +2 pair of gloves
SInv    .            N - +3 pair of boots "Sudduroc" {Str+3 Int-2 Dex+3 Stlth+}
Will    +++..        k - amulet of Qazlal, Destroying {Acrobat rF+ rC+ Stlth+}
Stlth   +            U - ring of Solusarch {rF+ Str+5}
HPRegen 0.57/turn    t - ring of the Tortoise {AC+8}
MPRegen 0.27/turn

%: acrobat
@: flying, studying Ice Magic
A: horns 2, retaliatory headbutt, deformed body, dopey 1, strong-willed 1,
inability to drink after injury 1, MP-powered wands
0: Orb of Zot
}: 3/15 runes: decaying, silver, gossamer
a: Renounce Religion, Evoke Blink, Channel Magic, Forget Spell, Divine Exegesis


You escaped.
You worshipped Sif Muna.
Sif Muna was greatly pleased with you.
You visited 11 branches of the dungeon, and saw 51 of its levels.
You visited the Abyss 2 times.
You also visited: Trove, Sewer and Ice Cave.

You collected 7969 gold pieces.
You spent 6674 gold pieces at shops.

Inventory:

Hand Weapons
 R - the +10 war axe "Sotatogh" (weapon) {flame, +Blink Fly}
   (You took it off a deep elf annihilator on level 3 of the Elven Halls)

   Fly:       It grants you flight.
   +Blink:    It lets you blink.
Missiles
 e - 19 javelins
 l - 10 curare-tipped darts
 u - 23 boomerangs (quivered)
 D - 11 throwing nets {!f}
Armour
 a - a +1 kite shield of protection (worn)
   (You took it off a tengu warrior on level 1 of the Depths)
 p - the +9 plate armour of Roriduym (worn) {rElec rN+++ Str-3 Int+4}
   (You bought it in a shop on level 2 of the Orcish Mines)

   Str-3:     It affects your strength (-3).
   Int+4:     It affects your intelligence (+4).
   rElec:     It insulates you from electricity.
   rN+++:     It renders you almost immune to negative energy.
 v - the +4 dragonskin cloak (worn)
   (You took it off Tiamat on level 1 of the Realm of Zot)

   Avatar's Aegis: It grants the wearer a chance to resist fire, cold, poison,
   electricity, acid, and negative energy.
 N - the +3 pair of boots "Sudduroc" (worn) {Str+3 Int-2 Dex+3 Stlth+}
   (You found it in an ice cave)

   Str+3:     It affects your strength (+3).
   Int-2:     It affects your intelligence (-2).
   Dex+3:     It affects your dexterity (+3).
   Stlth+:    It makes you more stealthy.
 O - a +2 pair of gloves (worn)
   (You found it on level 2 of the Lair of Beasts)
 Q - a +2 hat (worn)
   (You found it on level 4 of the Spider Nest)
Jewellery
 h - the ring "Jagucw" {rN+ Will+ Int+3 SInv}
   (You found it in a treasure trove)

   [ring of see invisible]

   Int+3:     It affects your intelligence (+3).
   rN+:       It protects you from negative energy.
   Will+:     It increases your willpower.
   SInv:      It lets you see invisible.
 k - the amulet of Qazlal, Destroying (around neck) {Acrobat rF+ rC+ Stlth+}
   (You took it off a deep elf annihilator on level 3 of the Elven Halls)

   [amulet of the acrobat]

   Acrobat:   It increases your evasion while moving and waiting.
   rF+:       It protects you from fire.
   rC+:       It protects you from cold.
   Stlth+:    It makes you more stealthy.
 t - the ring of the Tortoise (right hand) {AC+8}
   (You found it in a treasure trove)

   [ring of protection]

   AC+8:      It affects your AC (+8).
 E - the amulet of Zuetieto {^Drain Will++ Regen+ Int+6}
   (You took it off an ironbound convoker on level 5 of the Vaults)

   [amulet of regeneration]

   Int+6:     It affects your intelligence (+6).
   Will++:    It greatly increases your willpower.
   Regen+:    It increases your rate of health regeneration.
   ^Drain:    It drains your maximum health when unequipped.
 I - the ring of False Pretenses {Fly rPois Str+3 SInv}
   (You bought it in a shop on level 2 of the Orcish Mines)

   [ring of see invisible]

   Str+3:     It affects your strength (+3).
   rPois:     It protects you from poison SInv: It lets you see invisible.
   Fly:       It grants you flight.
 U - the ring of Solusarch (left hand) {rF+ Str+5}
   (You bought it in a shop on level 2 of the Orcish Mines)

   [ring of protection from fire]

   Str+5:     It affects your strength (+5).
   rF+:       It protects you from fire.
Wands
 y - a wand of iceblast (29) {@v2}
   (You found it on level 4 of the Dungeon)
 F - a wand of polymorph (22)
   (You found it on level 6 of the Dungeon)
 G - a wand of quicksilver (23) {@v1}
   (You found it on level 9 of the Dungeon)
 K - a wand of paralysis (7)
   (You found it on level 1 of the Lair of Beasts)
 P - a wand of mindburst (34)
   (You found it on level 2 of the Lair of Beasts)
 Y - a wand of digging (7) {@v3}
   (You found it on level 12 of the Dungeon)
Scrolls
 f - 5 scrolls of fear {!r}
 j - 5 scrolls of revelation {@r5 !r}
 n - 3 scrolls of blinking {@r4}
 o - 6 scrolls of butterflies {!r}
 w - a scroll of fog {!r}
 A - 5 scrolls of teleportation {@r3 !r}
 C - 8 scrolls of poison {!r}
 L - 2 scrolls of vulnerability
 T - 10 scrolls of immolation
Potions
 b - 6 potions of mutation
 c - 10 potions of lignification {@q6}
 d - 2 potions of berserk rage
 g - a potion of haste {@q4 !q}
 i - 8 potions of magic
 m - 2 potions of might {@q3 !q}
 r - a potion of enlightenment
 s - a potion of ambrosia
 x - 7 potions of brilliance
 z - 2 potions of cancellation
 B - 7 potions of curing {@q1 !q}
 J - 3 potions of heal wounds {@q2 !q}
 S - a potion of resistance
 V - a potion of invisibility
 Z - 4 potions of attraction
Miscellaneous
 q - a lightning rod (4/4)
   (You found it on level 12 of the Dungeon)
 H - a phial of floods
   (You found it on level 11 of the Dungeon)
 M - a tin of tremorstones (2/2)
   (You found it on level 12 of the Dungeon)
 W - a phantom mirror (inert)
   (You found it on level 11 of the Dungeon)
 X - a box of beasts
   (You bought it in a shop on level 7 of the Dungeon)


   Skills:
 - Level 14.9 Fighting
 - Level 9.8(10.0) Short Blades
 - Level 2.4(7.2) Long Blades
 - Level 14.9(16.4) Axes
 - Level 11.7(16.1) Maces & Flails
 - Level 10.2(12.5) Staves
 - Level 14.9 Throwing
 - Level 14.9 Armour
 - Level 14.9 Dodging
 + Level 13.2 Stealth
 - Level 14.9 Shields
 - Level 14.9 Spellcasting
 - Level 4.6 Summonings
 - Level 14.9 Translocations
 - Level 5.1 Earth Magic
 - Level 14.9 Invocations
 - Level 14.9 Evocations


You had 22 spell levels left.
You knew the following spells:

 Your Spells              Type           Power      Damage    Failure   Level
a - Apportation           Tloc           36%        N/A       1%          1
b - Manifold Assault      Tloc           18%        N/A       1%          4
c - Animate Armour        Summ/Erth      16%        N/A       71%         4
d - Vhi's Electric Charg  Tloc/Air       22%        N/A       36%         4
e - Fugue of the Fallen   Necr           3%         N/A       94%         3
f - Lesser Beckoning      Tloc           36%        N/A       1%          2
g - Passage of Golubria   Tloc           18%        N/A       1%          4
h - Summon Small Mammal   Summ           32%        N/A       12%         1
p - Passwall              Erth           8%         N/A       28%         3
z - Irradiate             Conj/Alch      1%         3d12      100%        5
Y - Blink                 Tloc           36%        N/A       1%          2

Your spell library contained the following spells:

 Spells                   Type           Power      Damage    Failure   Level
 Gell's Gravitas          Tloc           18%        N/A       1%          3
 Teleport Other           Tloc           18%        N/A       1%          3
 Momentum Strike          Conj/Tloc      22%        3d8       5%          2
 Sandblast                Erth           16%        2d6       10%         1
 Volatile Blastmotes      Fire/Tloc      22%        2d11      11%         3
 Call Imp                 Summ           16%        N/A       19%         2
 Dispersal                Tloc           9%         N/A       26%         6
 Call Canine Familiar     Summ           8%         N/A       34%         3
 Dimensional Bullseye     Hex/Tloc       5%         N/A       36%         4
 Iskenderun's Mystic Bla  Conj/Tloc      11%        2d4       36%         4
 Summon Forest            Summ/Tloc      6%         N/A       36%         5
 Foxfire                  Conj/Fire      12%        2x1d4     63%         1
 Kiss of Death            Conj/Necr      12%        2d6       63%         1
 Magic Dart               Conj           12%        1d3       63%         1
 Necrotise                Necr           12%        1d4       63%         1
 Shock                    Conj/Air       12%        1d3       63%         1
 Slow                     Hex            12%        N/A       63%         1
 Sting                    Conj/Alch      12%        1d3       63%         1
 Stone Arrow              Conj/Erth      12%        3d7       63%         3
 Summon Ice Beast         Ice/Summ       6%         N/A       67%         3
 Cigotuvi's Dreadful Rot  Necr/Alch/Air  6%         N/A       77%         2
 Ensorcelled Hibernation  Hex/Ice        6%         N/A       77%         2
 Mercury Vapours          Alch/Air       6%         N/A       77%         2
 Scorch                   Fire           6%         2d5       77%         2
 Searing Ray              Conj           6%         2d4       77%         2
 Static Discharge         Conj/Air       6%         3-4/arc   77%         2
 Sublimation of Blood     Necr           3%         N/A       77%         2
 Dazzling Flash           Conj/Hex       6%         N/A       94%         3
 Frozen Ramparts          Ice            6%         1d1       94%         3
 Hailstorm                Conj/Ice       3%         3d5       94%         3
 Inner Flame              Hex/Fire       3%         N/A       94%         3
 Mephitic Cloud           Conj/Alch/Air  3%         N/A       94%         3
 Ozocubu's Armour         Ice            3%         N/A       94%         3
 Sigil of Binding         Hex            3%         N/A       94%         3
 Swiftness                Air            3%         N/A       94%         3
 Vampiric Draining        Necr           3%         2d6       94%         3
 Brom's Barrelling Bould  Conj/Erth      6%         2d3       95%         4
 Leda's Liquefaction      Alch/Erth      3%         N/A       95%         4
 Petrify                  Alch/Erth      6%         N/A       95%         4
 Lee's Rapid Deconstruct  Erth           4%         3d5*      95%         5
 Martyr's Knell           Necr/Summ      6%         N/A       97%         4
 Summon Blazeheart Golem  Fire/Summ      6%         N/A       97%         4
 Summon Lightning Spire   Summ/Air       6%         N/A       97%         4
 Animate Dead             Necr           3%         N/A       100%        4
 Cause Fear               Hex            1%         N/A       100%        4
 Flame Wave               Conj/Fire      3%         2d5       100%        4
 Fulminant Prism          Conj/Alch      1%         3d5       100%        4
 Ignite Poison            Fire/Alch      3%         N/A       100%        4
 Olgreb's Toxic Radiance  Alch           3%         N/A       100%        4
 Sticky Flame             Fire/Alch      3%         2d4       100%        4
 Arcjolt                  Conj/Air       1%         1d11      100%        5
 Borgnjor's Vile Clutch   Necr/Erth      3%         N/A       100%        5
 Curse of Agony           Necr           3%         N/A       100%        5
 Fireball                 Conj/Fire      1%         3d3       100%        5
 Freezing Cloud           Conj/Ice/Air   1%         6-21      100%        5
 Metabolic Englaciation   Hex/Ice        1%         N/A       100%        5
 Summon Mana Viper        Hex/Summ       6%         N/A       100%        5
 Yara's Violent Unravell  Hex/Alch       1%         3d3       100%        5
 Bombard                  Conj/Erth      3%         9d1       100%        6
 Conjure Ball Lightning   Conj/Air       1%         3x3d6     100%        6
 Sculpt Simulacrum        Ice/Alch       1%         N/A       100%        6
 Starburst                Conj/Fire      1%         6d3       100%        6
 Summon Cactus Giant      Summ           4%         N/A       100%        6
 Haunt                    Necr/Summ      3%         N/A       100%        7
 Malign Gateway           Summ/Tloc      6%         N/A       100%        7
 Monstrous Menagerie      Summ           4%         N/A       100%        7
 Orb of Destruction       Conj           1%         9d5       100%        7
 Spellforged Servitor     Conj/Summ      3%         N/A       100%        7
 Summon Hydra             Summ           4%         N/A       100%        7
 Discord                  Hex            1%         N/A       100%        8
 Disjunction              Tloc           9%         N/A       100%        8
 Ignition                 Fire           1%         3d3       100%        8
 Infestation              Necr           1%         N/A       100%        8
 Lehudib's Crystal Spear  Conj/Erth      3%         10d2      100%        8
 Chain Lightning          Conj/Air       1%         3d2       100%        9
 Death's Door             Necr           1%         N/A       100%        9
 Dragon's Call            Summ           4%         N/A       100%        9
 Shatter                  Erth           4%         3d7*      100%        9


Dungeon Overview and Level Annotations

Branches:
Dungeon (15/15)            Temple (1/1) D:5            Lair (5/5) D:9
  Swamp (4/4) Lair:3       Spider (4/4) Lair:3        Slime (0/5) Lair:4
    Orc (2/2) D:9             Elf (3/3) Orc:2        Vaults (5/5) D:13
  Crypt (3/3) Vaults:3       Tomb (0/3) Crypt:3      Depths (4/4) D:15
    Zot (5/5) Depths:4      Sewer (visited)           IceCv (visited)

Altars:
Ashenzari
Cheibriados
Dithmenos
Elyvilon
Fedhas
Gozag
Hepliaklqana
Kikubaaqudgha
Makhleb
Nemelex Xobeh
Okawaru
Qazlal
Ru
Sif Muna
Trog
Uskayaw
Vehumet
Wu Jian
Xom
Yredelemnul
Zin
The Shining One
Beogh
Jiyva
Lugonu

Shops:
D:1 (   D:7 *   D:14 =   D:15 [   Orc:2 =:[[   Elf:1 ::   Elf:3 :   Vaults:2 (
Vaults:3 [   Vaults:4 =   Depths:1 :==   Depths:2 (

Portals:
Hell: Depths:1 Depths:2 Depths:3 Depths:4
Abyss: Depths:3 Depths:4
Pandemonium: Depths:1 Depths:2 Depths:4
Ziggurat: Depths:4

Annotations:
Vaults:4 2 transporters, exclusion: downstairs, Angmar's ghost, veteran DrAE
Zot:2 1 transporter, exclusion: downstairs
Abyss:1 Arachne; Roxanne; mojasp's ghost, journeyman CoCK


Innate Abilities, Weirdness & Mutations

You have a pair of horns on your head.
You reflexively headbutt those who attack you in melee.
Armour fits poorly on your strangely shaped body.
You are dopey. (Int -2)
You are strong-willed. (Will+)
You occasionally lose the ability to drink potions when taking damage.
You expend magic power (3 MP) to strengthen your wands.


Message History

A shadow demon comes into view.
There is a stone staircase leading up here.
(D) Dungeon (T) Temple (L) Lair (S) Swamp (N) Spider Nest (M) Slime Pits (O) Orcish Mines (E) Elven Halls (V) Vaults (C) Crypt (W) Tomb (U) Depths (H) Hell (Z) Zot
Where to? (Tab/Enter - D:1 @ (x,y), ? - help)
You fly upwards.
There is a stone staircase leading down here.
Your extra speed is starting to run out.
There is a stone staircase leading up here.
You fly upwards.
There is a stone staircase leading down here.
Things that are here:
5 stones; a +0 spear; a gnoll skeleton You feel yourself slow down.
You see here a +0 flail.
You see here a +0 robe.
There is a stone staircase leading up here.
You fly upwards.
There is a stone staircase leading down here.
A shadow demon comes into view.
Throw: 23 boomerangs
Press: ? - help, Q - select action, (/) - cycle Shift-Dir - straight line, f - shadow demon
Aim: a shadow demon (64% to hit)
You throw a boomerang.
The boomerang hits the shadow demon but does no damage.
Throw: 23 boomerangs
Press: ? - help, Q - select action, (/) - cycle Shift-Dir - straight line, f/p - shadow demon
Aim: a shadow demon (64% to hit)
You throw a boomerang.
The boomerang closely misses the shadow demon.
Throw: 23 boomerangs
Press: ? - help, Q - select action, (/) - cycle Shift-Dir - straight line, f/p - shadow demon
Aim: a shadow demon (64% to hit)
You throw a boomerang.
The boomerang closely misses the shadow demon.
The shadow demon gestures.
The orc shouts! x2
A hellion comes into view.
The hellion gestures at you.
The sphere of damnation explodes!
The damnation engulfs you!!
You hear an angry hiss.
The hellion completely misses you. You furiously retaliate!
You headbutt the hellion! You slash the hellion! You burn the hellion.
The hellion is severely wounded.
The hellion hits you.
A Kussi and a cacodemon come into view.
You slice the hellion!! You burn the hellion.
You kill the hellion!
Sif Muna accepts your kill. Kussi gestures at you.
The bolt of acid hits the orc!!
The acid corrodes the orc!
The orc dies!
The orc's corpse dissolves into shadows!
The bolt of acid is repelled.
Kussi gestures.
Kussi flickers and vanishes!
Deactivating autopickup; reactivate with Ctrl-A.
The shadow demon gestures.
There is a stone staircase leading up here.
The orc dissolves into shadows!
You fly upwards.
Reactivating autopickup.
An Orb Guardian comes into view.
There is a stone staircase leading down here.
(D) Dungeon (T) Temple (L) Lair (S) Swamp (N) Spider Nest (M) Slime Pits (O) Orcish Mines (E) Elven Halls (V) Vaults (C) Crypt (W) Tomb (U) Depths (H) Hell (Z) Zot
Where to? (Tab/Enter - D:1 @ (x,y), ? - help)
Okay, then.
Casting: Apportation (safe; 1% risk of failure)
Confirm with . or Enter, or press ? or * to list all spells.
Space momentarily warps into an impossible shape!
You slice the Orb Guardian!! You burn the Orb Guardian!
Casting: Manifold Assault (mildly dangerous; 1% risk of failure)
Confirm with . or Enter, or press ? or * to list all spells.
Space momentarily warps into an impossible shape!
You slash the Orb Guardian! You burn the Orb Guardian.
Casting: Manifold Assault (mildly dangerous; 1% risk of failure)
Confirm with . or Enter, or press ? or * to list all spells.
Space momentarily warps into an impossible shape!
You slice the Orb Guardian!! You burn the Orb Guardian.
You kill the Orb Guardian!
Sif Muna accepts your kill.
(D) Dungeon (T) Temple (L) Lair (S) Swamp (N) Spider Nest (M) Slime Pits (O) Orcish Mines (E) Elven Halls (V) Vaults (C) Crypt (W) Tomb (U) Depths (H) Hell (Z) Zot
Where to? (Tab/Enter - D:1 @ (x,y), ? - help)
There is a stone staircase leading up here.
You fly upwards.
There is a stone staircase leading down here.
There is a stone staircase leading up here.
You fly upwards.
There is a stone staircase leading down here.
There is a staircase leading out of the dungeon here.
You have escaped!

...####.....................##.##
...# #.........##.............#.
...####.........##.........#.....
...#.....##............##........
...#.....##............##........
####.............................
#.............................
#..##.........>..).....##.....
####..##........@.........##.....
#..............................##
#.##...........................##
#.##.....##............##......##
#.##.....##............##........
..###...........##.........#...##
#.....#.........##.........#.###
###.###......................#
#..........#####.....#######


There were no monsters in sight!

Vanquished Creatures
  An ancient lich (Zot:5)
  Tiamat (Zot:1)
  3 orbs of fire (Zot:5)
  2 dread liches
  Mara (Spider:3)
  Xtahua (Vaults:5)
  Boris (twice) (Crypt:1 Crypt:3)
  Josephina (Depths:2)
  Sojobo (Vaults:4)
  2 Killer Klowns (Zot:5)
  Bai Suzhen (Vaults:2)
  Saint Roka (Elf:2)
  Margery (Vaults:2)
  A caustic shrike (Depths:2)
  Nikola (Spider:1)
  7 golden dragons
  Norris (Depths:1)
  A bone dragon (Crypt:3)
  4 electric golems
  A Tzitzimitl (Zot:3)
  A hellephant (Vaults:2)
  Jorgrun (Orc:1)
  17 tentacled monstrosities
  24 Orb Guardians
  Asterion (Depths:1)
  A deep elf blademaster (Elf:2)
  8 liches
  3 titans
  8 quicksilver dragons
  Grunn (Crypt:1)
  3 sphinxes
  An ancient champion (Crypt:1)
  8 tengu reavers
  16 storm dragons
  7 shadow dragons
  5 death cobs
  A thorn hunter (Swamp:4)
  A fenstrider witch (Swamp:4)
  2 draconian monks (Zot:4)
  A rockslime (IceCv)
  A revenant (Crypt:1)
  2 draconian knights (Depths:4)
  2 emperor scorpions (Spider:4)
  16 fire giants
  10 frost giants
  5 draconian scorchers
  4 draconian shifters
  A caustic shrike zombie (Depths:3)
  5 deep elf sorcerers
  3 iron dragons
  5 ghost moths
  A cacodemon (Depths:1)
  17 vault wardens
  2 deep elf elementalists (Elf:3)
  2 orc warlords
  4 broodmothers
  7 ghouls
  2 reapers
  A curse skull (Crypt:1)
  4 draconian annihilators
  3 quicksilver oozes (IceCv)
  2 caustic shrike skeletons
  5 formless jellyfish
  7 ironbound thunderhulks
  3 draconian stormcallers
  14 ironbound preservers
  9 green draconians
  43 very ugly things
  19 stone giants
  7 yellow draconians
  8 purple draconians
  4 eleionomae
  4 deep elf demonologists
  9 black draconians
  7 deep elf death magi
  3 deep elf annihilators (Elf:3)
  5 vampire knights
  7 dire elephants (Vaults:3)
  8 white draconians
  The ghost of Sacsyrch the Brawler, a journeyman DrMo of Yredelemnul (D:15)
  8 war gargoyles
  2 spark wasps (Depths:3)
  8 red draconians
  4 blizzard demons
  4 bunyips
  2 eidola
  A green death (Depths:1)
  A quicksilver dragon zombie (Depths:2)
  10 ettins
  20 yaktaur captains
  8 fire dragons
  6 great orbs of eyes
  The ghost of HourglassMan the Thaumaturge, a journeyman NaCj (D:12)
  2 jiangshi
  16 hydras
  Harold (Lair:1)
  12 deep elf high priests
  3 entropy weavers
  39 vault guards
  2 shambling mangroves
  3 crystal guardians (Crypt:3)
  3 rakshasas
  2 peacekeepers
  6 spriggan air magi
  2 ghost crabs
  An ogre mage (D:11)
  A radroach (Spider:1)
  A hell beast (Depths:1)
  9 ironbound frosthearts
  A sphinx zombie (Depths:2)
  12 ice dragons
  2 jorogumos
  3 death knights
  8 two-headed ogres
  9 centaur warriors
  A fenstrider witch skeleton (Crypt:2)
  7 alligators
  12 deep troll shamans
  21 dancing weapons
  14 deep troll earth magi
  5 death yaks
  3 orc high priests (Orc:2)
  A titan zombie (Crypt:3)
  3 vampire magi
  5 tengu warriors
  A boulder beetle (Vaults:3)
  3 hell hogs
  5 demonic crawlers
  7 occultists
  26 hell knights
  A shock serpent (shapeshifter) (Depths:3)
  A fire crab (Lair:5)
  16 deep elf knights
  2 soul eaters
  3 titan skeletons
  2 sun demons (Depths:2)
  12 spriggan berserkers
  3 pharaoh ants (Spider:2)
  2 storm dragon zombies
  20 iron trolls
  30 skeletal warriors
  A golden dragon zombie (Depths:3)
  4 sixfirhies (Depths:1)
  6 skysharks
  An iron giant zombie (Crypt:1)
  An orb spider (shapeshifter) (Depths:3)
  2 sun moths (Spider:3)
  2 goliath frogs
  6 orb spiders
  4 flayed ghosts
  9 deep elf archers
  2 glowing orange brains (shapeshifter)
  A shadow demon (D:10)
  6 arcanists
  5 spriggan druids
  7 large abominations
  6 steelbarb worms
  5 glowing orange brains
  11 orc knights
  51 deep trolls
  An obsidian statue (Depths:1)
  12 bog bodies
  6 swamp dragons
  2 bunyip skeletons (Crypt:3)
  4 thermic dynamos
  20 deep elf zephyrmancers
  11 phantasmal warriors
  15 lindwurms
  An anaconda skeleton (Crypt:3)
  24 ironbound convokers
  20 deep elf pyromancers
  5 harpies (Vaults:5)
  An iron dragon zombie (Crypt:1)
  13 necromancers
  An oklob plant (Lair:4)
  17 wolf spiders
  36 ugly things
  6 orc sorcerers (Orc:2)
  2 will-o-the-wisps
  3 manticores
  A shining eye (Swamp:2)
  2 cyclopes
  27 moths of wrath
  2 dire elephant zombies (Crypt:3)
  A frost giant zombie (Depths:3)
  6 meliai
  8 elephants
  A naga zombie (Crypt:2)
  17 vault sentinels
  A water nymph (shapeshifter) (Vaults:4)
  3 smoke demons
  2 kobold blastminers (Orc:2)
  2 black mambas
  2 molten gargoyles (Lair:5)
  2 gargoyles
  12 cane toads
  A catoblepas zombie (Crypt:2)
  2 torpor snails
  A centaur skeleton (Crypt:3)
  5 rime drakes
  A bunyip simulacrum (Crypt:2)
  3 unseen horrors
  3 hellions
  A yellow draconian zombie (Crypt:2)
  2 tengu conjurers
  A tormentor (D:15)
  A kobold demonologist (D:11)
  5 freezing wraiths
  31 yaktaurs
  A red draconian zombie (Crypt:2)
  2 guardian mummies (Crypt:1)
  10 komodo dragons
  A harpy zombie (Crypt:1)
  A queen bee (Swamp:4)
  A wolf spider (shapeshifter) (Vaults:5)
  A great orb of eyes zombie (Crypt:1)
  3 merfolk (D:12)
  A wind drake (Swamp:4)
  A wind drake (shapeshifter) (Depths:3)
  2 hellwings (Depths:1)
  A bloated husk (Swamp:2)
  A harpy skeleton (Crypt:2)
  A polar bear (Lair:2)
  5 tyrant leeches
  10 hornets
  13 trolls
  A black mamba (shapeshifter) (Vaults:5)
  A hydra skeleton (Crypt:1)
  22 tarantellas
  2 glass eyes
  15 blink frogs (Lair:4)
  A raiju (Abyss:2)
  A glass eye (shapeshifter) (Vaults:5)
  Sigmund (D:3)
  7 dream sheep
  A frost giant simulacrum (Depths:2)
  A jumping spider (shapeshifter) (Vaults:5)
  37 jumping spiders
  A snapping turtle (shapeshifter) (Depths:3)
  A slime creature (shapeshifter) (Depths:3)
  An air elemental (Elf:2)
  39 slime creatures
  10 spriggans
  A fire dragon zombie (Crypt:3)
  11 culicivoras
  9 wraiths
  2 vampires
  4 water elementals
  3 shadows
  A ynoxinul (Zot:1)
  2 spriggan skeletons
  2 ettin skeletons
  A tarantella (shapeshifter) (Vaults:5)
  A black mamba skeleton (Crypt:3)
  42 yaks
  5 wyverns
  8 basilisks
  2 steam dragons (Lair:5)
  5 wargs
  2 fire elementals
  A neqoxec (Depths:1)
  A chaos spawn (Depths:1)
  6 humans (D:12)
  53 redbacks
  12 vampire mosquitoes
  A naga (shapeshifter) (D:15)
  A water nymph zombie (Crypt:1)
  16 swamp worms
  Edmund (D:5)
  2 great orb of eyes simulacra (IceCv)
  18 water moccasins
  4 hell hounds (Lair:5)
  5 acid dragons
  7 swamp drakes
  4 black bears
  An ice beast (Abyss:2)
  A lindwurm zombie (Crypt:1)
  50 orc warriors
  2 spriggan simulacra
  2 cane toad skeletons
  9 ogres
  13 wolves
  3 boggarts (Vaults:1)
  37 laughing skulls
  11 centaurs
  A centaur (shapeshifter) (Elf:2)
  A dream sheep skeleton (Crypt:1)
  A slime creature simulacrum (IceCv)
  2 kobold brigands
  A brain worm (Abyss:2)
  A salamander zombie (Crypt:2)
  A brain worm (shapeshifter) (D:15)
  10 bullfrogs
  A salamander skeleton (Crypt:2)
  2 draconian skeletons
  2 scorpions
  A human simulacrum (Depths:2)
  6 glowing shapeshifter simulacra (IceCv)
  2 small abominations (Abyss:2)
  An earth elemental (Orc:2)
  5 wights (D:6)
  A raiju zombie (Crypt:1)
  16 killer bees
  3 electric eels (Lair:4)
  2 howler monkeys (D:8)
  The ghost of Sapher the Digger, a weakling MDEE (D:5)
  A crimson imp (Abyss:2)
  6 lava snakes
  5 jellies
  4 hounds
  30 orc priests
  3 bombardier beetles
  2 gnoll boudas
  A human zombie (Crypt:1)
  An iron imp (Elf:3)
  2 human skeletons (Crypt:1)
  2 iguanas (D:6)
  Terence (D:2)
  19 orc wizards
  Natasha (thrice) (D:2)
  6 hell rats (Lair:3)
  A deep dwarf skeleton (Crypt:2)
  5 mummies (Crypt:1)
  A gnoll (shapeshifter) (Elf:1)
  14 gnolls
  7 adders
  2 river rats (Sewer)
  2 white imps
  2 ufetubi (D:3)
  2 ribbon worms
  84 orcs
  A bat (D:2)
  11 endoplasms
  5 giant cockroaches
  5 goblins
  2 hobgoblins
  2 jackals (D:1)
  19 kobolds
  4 quokkas
  7 ball pythons
  9 frilled lizards
  A hobgoblin zombie (Crypt:2)
  A kobold zombie (Crypt:1)
  A quokka skeleton (Crypt:2)
  10 rats
  A butterfly (D:5)
2206 creatures vanquished.

Vanquished Creatures (collateral kills)
  An orb of fire (Zot:5)
  A Killer Klown (Zot:5)
  2 doom hounds (Crypt:1)
  Zenata (Crypt:1)
  A storm dragon (Zot:5)
  A deep elf sorcerer (Elf:3)
  A fire giant (Depths:2)
  A very ugly thing (Depths:2)
  A broodmother (Spider:4)
  A stone giant (Depths:2)
  A jiangshi (Crypt:1)
  A vampire mage (Crypt:1)
  A deep troll (Depths:2)
  An ugly thing (Depths:2)
  A moth of wrath (Zot:5)
  A spark wasp simulacrum (Depths:2)
  2 tormentors (Crypt:1)
  A laughing skull (Crypt:1)
  A glowing shapeshifter simulacrum (Depths:2)
21 creatures vanquished.

Vanquished Creatures (others)
  A lich (Vaults:5)
  A ghost moth (Depths:4)
  A vampire knight (Crypt:3)
  A purple draconian (Depths:4)
  A deep elf pyromancer (D:14)
  A deep elf zephyrmancer (Orc:2)
  A bloated husk (Swamp:1)
  A yak (D:9)
  A human (Depths:3)
  2 orc wizards
  22 foxfires
33 creatures vanquished.

Grand Total: 2260 creatures vanquished

Notes
Turn   | Place    | Note
-------+----------+-------------------------------------------
     0 | D:1      | EnegeticOcto the Minotaur Wanderer began the quest for the
                  | Orb.
     0 | D:1      | EnegeticOcto set off with the following items: a +1
                  | falchion, a +2 scale mail, a potion of lignification {@q6}.
     0 | D:1      | Reached XP level 1. HP: 24/24 MP: 0/0
    26 | D:1      | Found Foaschidi's Weapon Boutique.
    34 | D:1      | Reached skill level 1 in Stealth
   199 | D:1      | Reached XP level 2. HP: 30/30 MP: 1/1
   230 | D:1      | You fall into a shaft and drop 1 floor!
   253 | D:1      | Reached skill level 2 in Stealth
   465 | D:1      | Reached skill level 1 in Dodging
   466 | D:1      | Reached XP level 3. HP: 37/37 MP: 2/2
   958 | D:2      | Reached skill level 2 in Dodging
  1054 | D:2      | Reached skill level 1 in Short Blades
  1176 | D:2      | Reached XP level 4. HP: 44/44 MP: 3/3
  1177 | D:2      | Noticed Natasha
  1185 | D:2      | Killed Natasha
  1310 | D:2      | Noticed Natasha
  1316 | D:2      | Killed Natasha
  1317 | D:2      | Reached skill level 2 in Short Blades
  1317 | D:2      | Reached skill level 3 in Dodging
  1631 | D:2      | Noticed Terence
  1642 | D:2      | Killed Terence
  1643 | D:2      | Reached XP level 5. HP: 35/50 MP: 4/4
  1883 | D:2      | Noticed Natasha
  1897 | D:2      | Killed Natasha
  2042 | D:3      | Noticed Sigmund
  2315 | D:3      | Found a stormy altar of Qazlal.
  2327 | D:3      | Found a glowing silver altar of Zin.
  2352 | D:3      | Found a faded altar of an unknown god.
  2526 | D:3      | Reached skill level 3 in Short Blades
  2705 | D:3      | Killed Sigmund
  2706 | D:3      | Reached skill level 4 in Short Blades
  2706 | D:3      | Reached skill level 4 in Dodging
  2706 | D:3      | Reached XP level 6. HP: 48/57 MP: 5/5
  3342 | D:4      | Reached skill level 5 in Dodging
  3736 | D:4      | Reached XP level 7. HP: 58/63 MP: 6/6
  3795 | D:4      | Reached skill level 5 in Short Blades
  3997 | D:5      | Entered Level 5 of the Dungeon
  3997 | D:5      | Found a runed translucent door.
  4000 | D:5      | Noticed Sapher's ghost (weakling MDEE)
  4018 | D:5      | Killed Sapher's ghost
  4067 | D:5      | Reached skill level 4 in Armour
  4087 | D:5      | Found a glowing drain.
  4115 | Sewer    | Entered a sewer
  4325 | Sewer    | Found a viscous altar of Jiyva.
  4330 | Sewer    | Reached skill level 7 in Fighting
  4330 | Sewer    | Reached skill level 6 in Short Blades
  4579 | D:5      | Reached skill level 1 in Shields
  4774 | D:5      | Found a blossoming altar of Fedhas.
  4774 | D:5      | Found a snail-covered altar of Cheibriados.
  4790 | D:5      | Noticed Edmund
  4797 | D:5      | Killed Edmund
  4798 | D:5      | Reached XP level 8. HP: 73/73 MP: 7/7
  4816 | D:5      | Found a staircase to the Ecumenical Temple.
  4821 | D:5      | Reached skill level 2 in Shields
  4823 | Temple   | Entered the Ecumenical Temple
  4853 | Temple   | Became a worshipper of Sif Muna the Loreminder
  4893 | D:5      | Noticed a troll
  4912 | D:5      | Killed a troll
  4913 | D:5      | Reached skill level 3 in Shields
  5130 | D:6      | Learned a level 4 spell: Manifold Assault
  5134 | D:6      | Learned a level 3 spell: Fugue of the Fallen
  5380 | D:6      | Reached skill level 8 in Fighting
  5382 | D:6      | Identified the +12 quarterstaff of Kixtosaw {holy, rN+++}
  5409 | D:6      | Reached skill level 7 in Short Blades
  5589 | D:6      | Reached skill level 4 in Shields
  5657 | D:6      | Reached skill level 9 in Fighting
  5990 | D:7      | Reached XP level 9. HP: 83/83 MP: 8/8
  6015 | D:7      | Reached skill level 8 in Short Blades
  6226 | D:7      | Found Vyepp's General Store.
  6239 | D:7      | Bought a scroll of identify for 28 gold pieces
  6278 | D:7      | Found a glowing golden altar of the Shining One.
  6391 | D:7      | Reached * piety under Sif Muna
  6567 | D:8      | Reached skill level 1 in Translocations
  6606 | D:8      | Reached skill level 6 in Dodging
  6882 | D:8      | Reached skill level 5 in Armour
  7035 | D:8      | Reached skill level 9 in Short Blades
  7328 | D:9      | Reached skill level 2 in Translocations
  7362 | D:9      | Reached skill level 10 in Fighting
  7362 | D:9      | Reached XP level 10. HP: 37/93 MP: 9/9
  7589 | D:9      | Reached skill level 6 in Armour
  7590 | D:9      | Reached ** piety under Sif Muna
  7598 | D:9      | Reached skill level 7 in Dodging
  7714 | D:9      | Found a staircase to the Orcish Mines.
  7904 | D:9      | Found a staircase to the Lair.
  8023 | D:9      | Reached skill level 3 in Translocations
  8297 | D:9      | Reached skill level 7 in Armour
  8317 | D:9      | Reached skill level 1 in Evocations
  8485 | D:10     | Entered Level 10 of the Dungeon
  8526 | D:10     | Reached skill level 8 in Dodging
  8536 | D:10     | Identified the +0 scale mail of Taegykk {Harm rN+}
  8680 | D:10     | Reached skill level 11 in Fighting
  8680 | D:10     | Reached skill level 2 in Evocations
  8902 | D:10     | Noticed a gargoyle
  8913 | D:10     | Killed a gargoyle
  8971 | D:10     | Found a shimmering altar of Xom.
  9088 | D:10     | Reached XP level 11. HP: 91/102 MP: 10/10
  9096 | D:10     | Reached skill level 8 in Armour
  9261 | D:7      | Bought a +5 ring of evasion for 504 gold pieces
  9570 | D:11     | Noticed an ogre mage
  9585 | D:10     | Reached skill level 3 in Evocations
  9644 | Lair:1   | Entered Level 1 of the Lair of Beasts
  9644 | Lair:1   | Noticed a skyshark
  9704 | Lair:1   | Reached *** piety under Sif Muna
  9777 | Lair:1   | Found a transporter.
  9884 | Lair:1   | Noticed mojasp's ghost (journeyman CoCK)
  9915 | Lair:1   | Found a transporter.
 10002 | Lair:1   | Noticed Harold
 10021 | Lair:1   | Killed Harold
 10022 | Lair:1   | Reached skill level 9 in Dodging
 10035 | Lair:1   | Reached skill level 4 in Evocations
 10309 | Lair:1   | Reached skill level 9 in Armour
 10404 | Lair:1   | Reached skill level 12 in Fighting
 10717 | Lair:2   | Noticed a skyshark
 10755 | Lair:2   | Killed a skyshark
 10941 | Lair:2   | Reached skill level 10 in Dodging
 11178 | Lair:2   | Reached skill level 10 in Armour
 11250 | Lair:2   | Reached XP level 12. HP: 83/113 MP: 11/11
 11273 | Lair:2   | Reached skill level 13 in Fighting
 12381 | Lair:3   | Reached skill level 11 in Armour
 12390 | Lair:3   | Reached skill level 11 in Dodging
 12468 | Lair:3   | Noticed an eight-headed hydra
 12491 | Lair:3   | Killed an eight-headed hydra
 12550 | Lair:3   | Reached **** piety under Sif Muna
 12696 | Lair:3   | Found a hole to the Spider Nest.
 12751 | Lair:3   | Reached skill level 14 in Fighting
 13000 | Lair:3   | Reached skill level 12 in Armour
 13043 | Lair:3   | Reached skill level 12 in Dodging
 13284 | Lair:3   | Found a staircase to the Swamp.
 13632 | Lair:3   | Reached XP level 13. HP: 121/125 MP: 12/12
 13698 | Lair:4   | Found a staircase to the Slime Pits.
 13699 | Lair:4   | Found a viscous altar of Jiyva.
 14086 | Lair:4   | Reached skill level 13 in Armour
 14276 | Lair:4   | Reached skill level 13 in Dodging
 14290 | Lair:4   | Reached ***** piety under Sif Muna
 14818 | Lair:5   | Entered Level 5 of the Lair of Beasts
 15097 | D:11     | Found a portal to a secret trove of treasure.
 15189 | D:11     | Reached skill level 14 in Armour
 15567 | D:11     | Learned a level 5 spell: Irradiate
 15735 | D:11     | Reached skill level 14 in Dodging
 16190 | D:11     | Identified the staff "Arroguff" {rPois Will- Int+5 Alchemy}
 16319 | D:11     | Paralysed by something for 2 turns
 16584 | D:12     | Reached skill level 4 in Translocations
 16584 | D:12     | Reached XP level 14. HP: 109/133 MP: 13/13
 16711 | D:12     | Found a runed translucent door.
 16711 | D:12     | Noticed HourglassMan's ghost (journeyman NaCj)
 16712 | D:12     | Identified the +11 spear "Zaggycla" {holy, rPois}
 16903 | D:12     | Received a gift from Sif Muna
 17137 | D:12     | Reached skill level 5 in Translocations
 17221 | D:12     | Found a runed translucent gate.
 17221 | D:12     | Found a runed translucent gate.
 17221 | D:12     | Found a runed translucent gate.
 17374 | D:12     | Reached skill level 6 in Translocations
 17425 | D:12     | Found a runed translucent gate.
 17425 | D:12     | Found a runed translucent gate.
 17425 | D:12     | Found a runed translucent gate.
 17451 | D:12     | Identified the +6 rapier of Doom {antimagic, rC+ Str+2
                  | Int+4}
 17452 | D:12     | Identified the ring "Wophemow" {rElec rC- Int+7 Slay+4}
 17452 | D:12     | Noticed a frost giant
 17705 | D:12     | Found an ancient bone altar of Kikubaaqudgha.
 18212 | Orc:1    | Entered Level 1 of the Orcish Mines
 18222 | Orc:1    | Noticed Jorgrun
 18276 | Orc:1    | Killed Jorgrun
 18277 | Orc:1    | Reached skill level 7 in Translocations
 18665 | Orc:2    | Entered Level 2 of the Orcish Mines
 18724 | Orc:2    | Received a gift from Sif Muna
 19007 | Orc:2    | Reached skill level 8 in Translocations
 19455 | Orc:2    | Noticed an orc warlord
 19493 | Orc:2    | Killed an orc warlord
 19931 | Orc:2    | Found a roughly hewn altar of Beogh.
 19940 | Orc:2    | Reached skill level 9 in Translocations
 20276 | Orc:2    | Found Deirer's Antique Armour Emporium.
 20287 | Orc:2    | Found Ywets's Armour Shoppe.
 20384 | Orc:2    | Received a gift from Sif Muna
 20398 | Orc:2    | Got Sif Muna's Secrets of the Departed {god gift}
 20589 | Orc:2    | Noticed an orc warlord
 20662 | Orc:2    | Banished an orc warlord
 20900 | Orc:2    | Found a roughly hewn altar of Beogh.
 21115 | Orc:2    | Reached XP level 15. HP: 122/139 MP: 14/14
 21173 | Orc:2    | Found Cuyfurire's Jewellery Boutique.
 21186 | Orc:2    | Reached skill level 10 in Translocations
 21485 | Orc:2    | Found Ichidghat's Book Shop.
 21654 | Orc:2    | Found a staircase to the Elven Halls.
 22109 | D:13     | Found a transporter.
 22130 | D:13     | Found a transporter.
 22136 | D:13     | Found a transporter.
 22186 | D:13     | Found a transporter.
 22221 | D:13     | Found a gate to the Vaults.
 22453 | D:13     | Received a gift from Sif Muna
 22457 | D:13     | Got Recokh Waghe's Incunable of the Mountains and Thunder
                  | {god gift}
 22591 | D:13     | Reached skill level 11 in Translocations
 22626 | D:13     | Found the +10 zealot's sword {holy, Zealotry, *Rage rN+
                  | EV+3}
 23520 | D:14     | Reached skill level 12 in Translocations
 23525 | D:15     | Entered Level 15 of the Dungeon
 23864 | D:14     | Found Wokeoriki's Jewellery Shop.
 25606 | D:15     | Found a staircase to the Depths.
 25950 | Orc:2    | Bought the +9 plate armour of Roriduym {rElec rN+++ Str-3
                  | Int+4} for 1450 gold pieces
 26160 | D:15     | Learned a level 2 spell: Blink
 26212 | D:15     | Found a runed translucent door.
 26212 | D:15     | Noticed Sacsyrch's ghost (journeyman DrMo)
 26244 | D:15     | Reached skill level 1 in Invocations
 26265 | D:15     | Received a gift from Sif Muna
 26268 | D:15     | Got Xiometo's Compendium of Damage {god gift}
 26331 | D:15     | Killed Sacsyrch's ghost
 26413 | D:15     | Reached skill level 2 in Invocations
 26557 | D:15     | Found Osuineil's Armour Shoppe.
 26986 | Lair:5   | Reached skill level 13 in Translocations
 27048 | Lair:5   | Reached skill level 3 in Invocations
 27048 | Lair:5   | Reached XP level 16. HP: 67/147 MP: 17/17
 27377 | Lair:5   | Reached skill level 4 in Invocations
 27496 | Lair:5   | Found a large runed translucent door.
 27496 | Lair:5   | Found a large runed translucent door.
 27839 | Swamp:1  | Entered Level 1 of the Swamp
 28712 | Swamp:1  | Found a blossoming altar of Fedhas.
 28794 | Swamp:1  | Reached skill level 5 in Invocations
 29692 | Swamp:1  | Reached skill level 6 in Invocations
 30709 | Swamp:2  | Reached skill level 7 in Invocations
 31261 | Swamp:2  | Gained mutation: You occasionally lose the ability to drink
                  | potions when taking damage. [a shining eye]
 31394 | Swamp:2  | Received a gift from Sif Muna
 31397 | Swamp:2  | Got Cabeuw's Essays on Frigorific Detritus {god gift}
 31645 | Swamp:2  | Reached skill level 8 in Invocations
 32531 | Swamp:2  | Reached skill level 9 in Invocations
 34191 | Swamp:3  | Reached skill level 10 in Invocations
 34689 | Swamp:4  | Entered Level 4 of the Swamp
 35061 | Swamp:4  | Reached skill level 11 in Invocations
 38709 | Swamp:4  | Reached skill level 12 in Invocations
 38780 | Swamp:4  | Reached XP level 17. HP: 126/154 MP: 25/25
 39981 | Swamp:4  | Reached skill level 13 in Invocations
 42416 | Spider:1 | Entered Level 1 of the Spider Nest
 42625 | Spider:1 | Received a gift from Sif Muna
 42626 | Spider:1 | Reached skill level 14 in Invocations
 42626 | Spider:1 | Got Zeigyggi's Notes on the Becharmed Crypt {god gift}
 42937 | Spider:1 | Found a glacial archway.
 42948 | IceCv    | Entered an ice cave
 43082 | IceCv    | Identified the +3 pair of boots "Sudduroc" {Str+3 Int-2
                  | Dex+3 Stlth+}
 44058 | IceCv    | Reached skill level 1 in Spellcasting
 44137 | IceCv    | Found a viscous altar of Jiyva.
 44308 | IceCv    | Identified the +0 ring mail of Moral Flaws {+Inv Regen+
                  | Str-5 Int+4}
 44603 | Spider:1 | Reached skill level 2 in Spellcasting
 45301 | Spider:1 | Noticed Nikola
 45326 | Spider:1 | Killed Nikola
 45538 | Spider:1 | Reached skill level 3 in Spellcasting
 45571 | Spider:1 | You fall into a shaft and drop 1 floor!
 46103 | Spider:2 | Noticed Mlioglotl
 46110 | Spider:2 | Banished Mlioglotl
 46419 | Spider:2 | Noticed Arachne
 46876 | Spider:2 | Learned a level 2 spell: Lesser Beckoning
 47012 | Spider:2 | Identified the ring "Hocrev" {rF+ rN+}
 47392 | Spider:2 | Banished Arachne
 47543 | Spider:3 | Noticed Mara
 48405 | Spider:3 | Reached skill level 14 in Translocations
 48428 | Spider:3 | Reached skill level 4 in Spellcasting
 48428 | Spider:3 | Reached XP level 18. HP: 162/162 MP: 4/28
 49326 | Spider:3 | Paralysed by a jorogumo for 2 turns
 49810 | Spider:3 | Noticed EnegeticOcto's illusion
 50078 | Spider:3 | Killed Mara
 50510 | Spider:3 | Reached skill level 5 in Spellcasting
 50528 | Spider:3 | Received a gift from Sif Muna
 50847 | Spider:3 | Got Sif Muna's Incunabulum of Spawned Electricity {god
                  | gift}
 50865 | Spider:2 | Learned a level 4 spell: Vhi's Electric Charge
 50990 | Spider:3 | Paralysed by a jorogumo for 2 turns
 51665 | Spider:3 | Identified the +0 chain mail "Kodghafiq" {rPois rF+++ rCorr
                  | Dex-4}
 51795 | Spider:4 | Entered Level 4 of the Spider Nest
 51796 | Spider:4 | Upgraded the game from 0.32-a0-427-g448f42529f to
                  | 0.32-a0-481-g9ce6b883f8
 52133 | Spider:4 | Reached skill level 5 in Shields
 52298 | Spider:4 | Upgraded the game from 0.32-a0-481-g9ce6b883f8 to
                  | 0.32-a0-530-gb6d6f0d0ac
 54394 | Spider:4 | Reached skill level 6 in Shields
 55574 | Spider:4 | Reached skill level 6 in Spellcasting
 56070 | Spider:4 | Got a gossamer rune of Zot
 56433 | Elf:1    | Entered Level 1 of the Elven Halls
 56621 | Elf:1    | Reached skill level 7 in Shields
 57575 | Elf:1    | Found Qedats's Book Boutique.
 57727 | Elf:1    | Found Apiyrghu's Book Shop.
 57779 | Elf:1    | Received a gift from Sif Muna
 57782 | Elf:1    | Got Sif Muna's Enchiridion on the Kindled Mountains {god
                  | gift}
 57824 | Elf:1    | Reached skill level 7 in Spellcasting
 57824 | Elf:1    | Reached XP level 19. HP: 169/169 MP: 29/29
 57937 | Elf:1    | Reached skill level 8 in Shields
 58283 | Elf:1    | Noticed Roxanne
 58288 | Elf:1    | Banished Roxanne
 58596 | Elf:2    | Identified the +4 trident of the Saviour {heavy, Str+4
                  | Dex+2}
 58682 | Elf:2    | Paralysed by an air elemental for 1 turns
 58688 | Elf:2    | Paralysed by an air elemental for 1 turns
 59106 | Elf:2    | Learned a level 4 spell: Animate Armour
 59357 | Elf:2    | Noticed Saint Roka
 59742 | Elf:2    | Killed Saint Roka
 59743 | Elf:2    | Reached skill level 1 in Summonings
 59743 | Elf:2    | Reached skill level 1 in Earth Magic
 59743 | Elf:2    | Reached XP level 20. HP: 102/177 MP: 21/30
 60336 | Elf:2    | Found a huge runed translucent gate.
 60336 | Elf:2    | Found a huge runed translucent gate.
 60336 | Elf:2    | Found a huge runed translucent gate.
 60342 | Elf:2    | Found a huge runed translucent gate.
 60342 | Elf:2    | Found a huge runed translucent gate.
 61127 | Swamp:4  | Got a decaying rune of Zot
 61521 | Lair:1   | Banished mojasp's ghost
 61536 | Lair:1   | Identified the amulet of Qoinidy {Reflect rElec rF- Regen+
                  | Int+5 SH+5}
 61639 | Lair:1   | Identified the +8 flail of the Hidden Orbs {holy, MP+9}
 62132 | Lair:5   | Reached skill level 9 in Shields
 62132 | Lair:5   | Reached skill level 2 in Earth Magic
 62298 | Lair:4   | Reached skill level 2 in Summonings
 62779 | Lair:5   | Reached skill level 8 in Spellcasting
 62943 | Lair:5   | Learned a level 3 spell: Passwall
 63482 | D:12     | Killed HourglassMan's ghost
 64025 | Elf:3    | Entered Level 3 of the Elven Halls
 64450 | Elf:3    | Reached skill level 3 in Earth Magic
 65364 | Elf:3    | Found Gereg's Book Shoppe.
 65664 | Elf:3    | Reached skill level 3 in Summonings
 66011 | Elf:3    | Identified the +12 spear "Ogrebane" {venom, rF- Will++
                  | Int-3 SInv}
 67161 | Elf:3    | Reached skill level 10 in Shields
 69069 | Elf:3    | Reached skill level 4 in Earth Magic
 70103 | Elf:3    | Identified the +0 ring mail of the Ancient Places {rC+}
 70241 | Elf:3    | Identified the +0 robe of the Other World {rN+ Int+2}
 70448 | Elf:3    | Identified the +10 war axe "Sotatogh" {flame, +Blink Fly}
 70448 | Elf:3    | Identified the amulet of Qazlal, Destroying {Acrobat rF+
                  | rC+ Stlth+}
 70456 | Elf:3    | Reached skill level 4 in Summonings
 70487 | Elf:3    | Identified the +4 short sword of Ugyijeh {freeze, Int+2}
 71028 | Abyss:2  | Cast into level 2 of the Abyss (a deep elf sorcerer)
 71181 | Abyss:2  | Found a corrupted altar of Lugonu.
 71258 | Abyss:2  | Received a gift from Sif Muna
 71521 | Elf:3    | Escaped the Abyss
 71621 | Abyss:2  | Found a corrupted altar of Lugonu.
 71621 | Abyss:2  | Cast into level 2 of the Abyss (a deep elf demonologist)
 71733 | Abyss:2  | Found a corrupted altar of Lugonu.
 71761 | Abyss:2  | Reached skill level 11 in Shields
 71774 | Abyss:2  | Found a corrupted altar of Lugonu.
 71886 | Elf:3    | Escaped the Abyss
 71917 | Elf:3    | Reached skill level 5 in Earth Magic
 72652 | Elf:3    | Got the Catalogue of Arcane Combat
 72987 | Elf:2    | Reached skill level 1 in Axes
 73136 | Elf:2    | Reached skill level 2 in Axes
 73435 | Elf:2    | Reached skill level 3 in Axes
 74000 | Elf:2    | Reached skill level 4 in Axes
 74183 | Elf:2    | Reached skill level 5 in Axes
 74467 | Elf:2    | Reached skill level 6 in Axes
 74467 | Elf:2    | Reached XP level 21. HP: 180/183 MP: 6/32
 75036 | Elf:2    | Reached skill level 7 in Axes
 75616 | D:12     | Reached skill level 8 in Axes
 75806 | D:12     | Identified the staff of the Four Nightmares {rC+ rN++ Ice}
 75995 | D:7      | Bought a potion of curing for 42 gold pieces
 76139 | Vaults:1 | Entered Level 1 of the Vaults
 76361 | Vaults:1 | Reached skill level 9 in Axes
 77232 | Vaults:1 | Reached skill level 10 in Axes
 77521 | Vaults:1 | Reached skill level 11 in Axes
 79114 | Vaults:2 | Found Ypak's Weapon Emporium.
 79131 | Vaults:2 | Reached skill level 12 in Axes
 79672 | Vaults:2 | Noticed Bai Suzhen
 79704 | Vaults:2 | Killed Bai Suzhen
 79705 | Vaults:2 | Reached skill level 13 in Axes
 80204 | Vaults:1 | Reached skill level 14 in Axes
 80723 | Vaults:2 | Paralysed by a formless jellyfish for 1 turns
 81505 | Vaults:3 | Found a staircase to the Crypt.
 81505 | Vaults:3 | Found an ancient bone altar of Kikubaaqudgha.
 81506 | Vaults:3 | Found a basalt altar of Yredelemnul.
 81807 | Vaults:3 | Found Daudya's Antique Armour Shoppe.
 81936 | Vaults:3 | Reached skill level 1 in Maces & Flails
 82055 | Vaults:3 | Reached skill level 2 in Maces & Flails
 82125 | Vaults:3 | Received a gift from Sif Muna
 82128 | Vaults:3 | Got Sif Muna's Annotations on Transportation and Hurting
                  | {god gift}
 82405 | Vaults:3 | Reached skill level 3 in Maces & Flails
 82717 | Vaults:3 | Reached skill level 4 in Maces & Flails
 82717 | Vaults:3 | Reached skill level 12 in Shields
 82851 | Vaults:3 | Reached skill level 5 in Maces & Flails
 82895 | Vaults:3 | Reached XP level 22. HP: 169/191 MP: 33/33
 82905 | Vaults:3 | Reached skill level 6 in Maces & Flails
 83697 | Vaults:4 | Reached skill level 13 in Shields
 84142 | Orc:2    | Bought an ichor-stained crystal plate armour for 1785 gold
                  | pieces
 84142 | Orc:2    | Identified the +0 crystal plate armour of the Lachrymose
                  | Wumpus {Will- Slay+2 Stlth+} (You bought it in a shop on
                  | level 2 of the Orcish Mines)
 84399 | Vaults:4 | Noticed Sojobo
 84423 | Vaults:4 | Killed Sojobo
 84424 | Vaults:4 | Reached skill level 7 in Maces & Flails
 84836 | Vaults:4 | Reached skill level 8 in Maces & Flails
 85016 | Vaults:4 | Found Plog's Jewellery Shoppe.
 85038 | Vaults:4 | Noticed Angmar's ghost (veteran DrAE)
 85042 | Vaults:4 | Found a transporter.
 85045 | Vaults:4 | Found a transporter.
 85282 | Vaults:4 | Reached skill level 14 in Shields
 85670 | Vaults:4 | Reached skill level 9 in Maces & Flails
 86663 | Vaults:2 | Noticed Margery
 86701 | Vaults:2 | Killed Margery
 87048 | Vaults:2 | Reached skill level 10 in Maces & Flails
 87146 | Vaults:2 | Identified the +11 falchion of the Bashing Ass {freeze,
                  | Int+2}
 87437 | Depths:1 | Entered Level 1 of the Depths
 87461 | Depths:1 | Noticed Asterion
 87489 | Depths:1 | Killed Asterion
 87642 | Depths:1 | Received a gift from Sif Muna
 87650 | Depths:1 | Reached skill level 11 in Maces & Flails
 88054 | Depths:1 | Got Sif Muna's Elucidation of the Parallel Summer {god
                  | gift}
 88521 | Depths:1 | Reached skill level 5 in Evocations
 88988 | Depths:1 | Reached skill level 6 in Evocations
 89478 | Depths:1 | Noticed Norris
 89492 | Depths:1 | Killed Norris
 89953 | Orc:2    | Bought the ring of False Pretenses {Fly rPois Str+3 SInv}
                  | for 415 gold pieces
 90291 | Depths:1 | Reached skill level 7 in Evocations
 90495 | Depths:1 | Received a gift from Sif Muna
 90527 | Depths:1 | Found a one-way gate leading to the halls of Pandemonium.
 90535 | Depths:1 | Found Laopoubb's Jewellery Shop.
 90536 | Depths:1 | Found Yplecvel's Book Shoppe.
 90537 | Depths:1 | Found Fonn's Jewellery Shop.
 90841 | Depths:1 | Found a gateway to Hell.
 91125 | Depths:2 | Reached skill level 8 in Evocations
 91564 | Depths:2 | Reached XP level 23. HP: 142/198 MP: 34/34
 92247 | Depths:2 | Reached skill level 9 in Evocations
 92566 | Depths:1 | Bought a ring of willpower for 500 gold pieces
 93054 | Depths:2 | Found a broken altar of Ashenzari.
 93088 | Depths:2 | Reached skill level 10 in Evocations
 93140 | Depths:2 | Found Waomp's Antique Weapon Boutique.
 93583 | Depths:2 | Received a gift from Sif Muna
 93586 | Depths:2 | Got Eciop's Directory of Sulphurous Mustering {god gift}
 93606 | Depths:2 | Reached skill level 11 in Evocations
 93820 | Depths:2 | Identified the ring "Esoh" {Ice Slay+2}
 93820 | Depths:2 | Noticed Josephina
 93851 | Depths:2 | Noticed a caustic shrike
 93864 | Depths:2 | Killed Josephina
 94418 | Depths:2 | Reached skill level 12 in Evocations
 94508 | Depths:2 | Identified the +8 chain mail of the Oni {Dex+3}
 94511 | Depths:2 | Identified the +4 scimitar of the Orb {flame, rC+}
 94805 | Depths:2 | Identified the ring of Duga {Str+2 Dex+6}
 94881 | Depths:2 | Identified the amulet of Light {Faith rElec Stlth+}
 95007 | Depths:2 | Killed a caustic shrike
 95652 | Vaults:3 | Bought an ancient plate armour for 700 gold pieces
 95652 | Vaults:3 | Identified the +10 plate armour of Apathy {rPois} (You
                  | bought it in a shop on level 3 of the Vaults)
 96268 | Vaults:2 | Bought 2 boomerangs for 68 gold pieces
 96427 | Depths:3 | Reached skill level 13 in Evocations
 96431 | Depths:3 | Reached skill level 1 in Throwing
 96801 | Depths:3 | Reached skill level 2 in Throwing
 96898 | Depths:3 | Lost mutation: You occasionally lose the ability to drink
                  | potions when taking damage. [potion of mutation]
 96898 | Depths:3 | Gained mutation: You are frail. (-10% HP) [potion of
                  | mutation]
 96898 | Depths:3 | Gained mutation: You are partially covered in iridescent
                  | scales. (AC +2) [potion of mutation]
 96899 | Depths:3 | Lost mutation: You are partially covered in iridescent
                  | scales. (AC +2) [potion of mutation]
 96899 | Depths:3 | Lost mutation: You are frail. (-10% HP) [potion of
                  | mutation]
 96899 | Depths:3 | Gained mutation: You expend magic power (3 MP) to
                  | strengthen your wands. [potion of mutation]
 96899 | Depths:3 | Gained mutation: You are strong-willed. (Will+) [potion of
                  | mutation]
 97083 | Depths:3 | Reached skill level 3 in Throwing
 97253 | Depths:3 | Found a one-way gate to the infinite horrors of the Abyss.
 97561 | Depths:3 | Reached skill level 4 in Throwing
 98320 | Depths:3 | Reached skill level 5 in Throwing
 98746 | Depths:3 | Reached skill level 14 in Evocations
 98877 | Depths:3 | Reached skill level 6 in Throwing
 99027 | Depths:4 | Entered Level 4 of the Depths
 99027 | Depths:4 | Found a corrupted altar of Lugonu.
 99217 | Depths:4 | Reached XP level 24. HP: 188/205 MP: 34/34
 99538 | Depths:4 | Received a gift from Sif Muna
 99541 | Depths:4 | Got Sif Muna's Incunable of Transposition {god gift}
 99675 | Depths:4 | Reached skill level 7 in Throwing
 99704 | Depths:4 | Found a one-way gateway to a ziggurat.
100195 | Depths:4 | Found a white marble altar of Elyvilon.
100704 | Depths:4 | Reached skill level 8 in Throwing
100714 | Depths:4 | Found an ornate altar of the Wu Jian Council.
101070 | Depths:4 | Reached skill level 9 in Throwing
101636 | Depths:4 | Learned a level 1 spell: Apportation
101641 | Depths:4 | Learned a level 4 spell: Passage of Golubria
101686 | Depths:4 | Reached skill level 10 in Throwing
102071 | Depths:4 | Found a gate to the Realm of Zot.
102876 | Crypt:1  | Entered Level 1 of the Crypt
102898 | Crypt:1  | Reached skill level 11 in Throwing
103011 | Crypt:1  | Received a gift from Sif Muna
103029 | Crypt:1  | Got Sif Muna's Incunable of Luminous Ignition {god gift}
103285 | Crypt:1  | Noticed Zenata
103290 | Crypt:1  | Killed Zenata
103320 | Crypt:1  | Reached skill level 1 in Staves
103352 | Crypt:1  | Identified the +1 whip of Calculation {distort, Str-3 Int+3
                  | Stlth+}
103401 | Crypt:1  | Reached skill level 12 in Throwing
103405 | Crypt:1  | Reached skill level 2 in Staves
103732 | Crypt:1  | Noticed Grunn
103742 | Crypt:1  | Reached skill level 3 in Staves
103748 | Crypt:1  | Killed Grunn
103752 | Crypt:1  | Reached skill level 4 in Staves
104294 | Crypt:1  | Identified the +3 robe of Anacw {-Cast +Blink rN+}
104294 | Crypt:1  | Noticed Boris
104323 | Crypt:1  | Killed Boris
104662 | Crypt:1  | Reached skill level 5 in Staves
105015 | Crypt:2  | Reached skill level 6 in Staves
105377 | Crypt:2  | Reached skill level 13 in Throwing
105710 | Crypt:2  | Reached skill level 7 in Staves
105831 | Crypt:2  | Received a gift from Sif Muna
105840 | Crypt:2  | Got Sif Muna's Teachings on the Bonfire and the Fifth
                  | Circle {god gift}
105887 | Crypt:3  | Entered Level 3 of the Crypt
106280 | Crypt:3  | Reached XP level 25. HP: 212/212 MP: 34/34
106365 | Crypt:3  | Identified the +4 robe of Irheg {Will+}
106365 | Crypt:3  | Noticed Boris
106366 | Crypt:3  | Reached skill level 8 in Staves
106389 | Crypt:3  | Killed Boris
107015 | Crypt:3  | Reached skill level 9 in Staves
107091 | Crypt:3  | Found an ancient bone altar of Kikubaaqudgha.
107091 | Crypt:3  | Noticed a dread lich
107107 | Crypt:3  | Killed a dread lich
107108 | Crypt:3  | Reached skill level 14 in Throwing
107201 | Crypt:3  | Found the +9 sword of Zonguldrok {reap}
107266 | Crypt:3  | Found a staircase to the Tomb.
107691 | Crypt:3  | Reached skill level 10 in Staves
108634 | D:11     | You paid a toll of a +6 demon trident to enter a treasure
                  | trove
108635 | Trove    | Entered a treasure trove
108637 | Trove    | Found the ring of the Tortoise {AC+8}
108644 | Trove    | Identified the ring "Afathi" {Fly rPois rCorr Str+5 Int-2}
108650 | Trove    | Identified the ring of Reimbursement {Wiz *Slow rCorr
                  | Dex+7}
108656 | Trove    | Identified the ring "Unaph" {rPois Int+4}
108667 | Trove    | Identified the ring "Jagucw" {rN+ Will+ Int+3 SInv}
108677 | Trove    | Identified the amulet of Naonlu {Acrobat Rampage +Blink
                  | Str-5 Int+5}
108868 | Vaults:5 | Entered Level 5 of the Vaults
108911 | Vaults:5 | Reached skill level 9 in Spellcasting
108924 | Vaults:5 | Received a gift from Sif Muna
108934 | Vaults:5 | Got Sif Muna's Precepts of Confrontation {god gift}
109037 | Vaults:5 | Noticed Xtahua
109093 | Vaults:5 | Killed Xtahua
109127 | Vaults:5 | Got a silver rune of Zot
109213 | Vaults:5 | Reached skill level 10 in Spellcasting
109605 | Vaults:5 | Identified the +4 ice dragon scales of Zimum {rF- rC++
                  | Str+3 Int-4 Dex+5}
110244 | Vaults:5 | Identified the +6 arbalest of Arrival {freeze, rPois Will++
                  | Int+2 Stlth-}
110314 | Vaults:5 | Identified the amulet of Zuetieto {^Drain Will++ Regen+
                  | Int+6}
110458 | Vaults:5 | Reached skill level 11 in Spellcasting
110593 | Vaults:5 | Identified the +10 spear of Majestic Reinforcement {freeze,
                  | rC++ Str+3}
110714 | Vaults:5 | Identified the +2 leather armour of the Moon Troll {Int+5
                  | Stlth+}
110719 | Vaults:5 | Received a gift from Sif Muna
110722 | Vaults:5 | Got Sif Muna's Spellbook of Beguiling Toxicology {god gift}
112291 | Vaults:5 | Identified the +3 plate armour of Cuum {rF++ Str-3 Dex+8}
113225 | Vaults:5 | Reached skill level 12 in Spellcasting
115375 | Vaults:5 | Reached XP level 26. HP: 220/220 MP: 26/38
116145 | Vaults:5 | Got the Spellbook of Quantum Support
116183 | Vaults:5 | Reached skill level 13 in Spellcasting
116458 | Vaults:5 | Learned a level 1 spell: Summon Small Mammal
116782 | Orc:2    | Bought the ring of Solusarch {rF+ Str+5} for 510 gold
                  | pieces
117162 | Zot:1    | Entered Level 1 of the Realm of Zot
117162 | Zot:1    | Found the +4 dragonskin cloak
117162 | Zot:1    | Noticed Tiamat
117935 | Zot:1    | Killed Tiamat
118585 | Zot:1    | Reached skill level 14 in Spellcasting
120182 | Zot:2    | Found a transporter.
120182 | Zot:2    | Found the +3 Mad Mage's Maulers {Infuse+∞ VampMP -Cast}
120185 | Zot:2    | Found a shimmering blue altar of Sif Muna.
120214 | Zot:2    | Reached skill level 3 in Stealth
120473 | Zot:2    | Reached skill level 4 in Stealth
121045 | Zot:2    | Noticed an ancient lich
121162 | Zot:2    | Identified the +0 ring mail "Hero's Friend" {Harm rPois}
121396 | Zot:2    | Noticed an orb of fire
121443 | Zot:2    | Reached skill level 5 in Stealth
122114 | Zot:4    | Reached skill level 6 in Stealth
122945 | Zot:4    | Received a gift from Sif Muna
123247 | Zot:5    | Entered Level 5 of the Realm of Zot
123268 | Zot:4    | Reached skill level 7 in Stealth
123694 | Zot:5    | Reached skill level 8 in Stealth
124343 | D:7      | Bought a box of beasts for 560 gold pieces
124343 | D:7      | Bought a potion of ambrosia for 112 gold pieces
125101 | Zot:5    | Reached skill level 9 in Stealth
125664 | Zot:5    | Noticed an ancient lich
125679 | Zot:5    | Killed an ancient lich
125680 | Zot:5    | Reached XP level 27. HP: 175/226 MP: 37/40
126068 | Zot:5    | Reached skill level 10 in Stealth
126797 | Zot:5    | Noticed an orb of fire
126802 | Zot:5    | Gained mutation: You are dopey. (Int -2) [an orb of fire]
126808 | Zot:5    | Gained mutation: You occasionally lose the ability to drink
                  | potions when taking damage. [an orb of fire]
126813 | Zot:5    | Gained mutation: You have hidden genetic defects. [an orb
                  | of fire]
126814 | Zot:5    | Killed an orb of fire
126826 | Zot:5    | Noticed an orb of fire
126836 | Zot:5    | Lost mutation: You have hidden genetic defects. [an orb of
                  | fire]
126844 | Zot:5    | Killed an orb of fire
126846 | Zot:5    | Noticed an orb of fire
126856 | Zot:5    | Gained mutation: Armour fits poorly on your strangely
                  | shaped body. [an orb of fire]
126859 | Zot:5    | Noticed an orb of fire
126867 | Zot:5    | Killed an orb of fire
126868 | Zot:5    | Reached skill level 11 in Stealth
126872 | Zot:5    | Killed an orb of fire
127773 | Zot:5    | Noticed a dread lich
127794 | Zot:5    | Killed a dread lich
127819 | Zot:5    | Reached skill level 12 in Stealth
128273 | Zot:5    | Got the Orb of Zot
128343 | Zot:3    | Reached skill level 13 in Stealth
128447 | Zot:1    | Noticed Wynwa the pandemonium lord
128754 | D:8      | Noticed Doed the pandemonium lord
128841 | D:4      | Noticed Kussi the pandemonium lord
128869 | D:$      | Escaped with the Orb!

Illustrated notes

Levels and vault maps discovered:
D:1:      dpeg_arrival_stonehenge_8_columns, layout_basic, serial_shops,
          nicolae_shop_bloodbath_and_beyond, nicolae_the_louvre
D:2:      layout_basic, uniq_natasha, uniq_terence
D:3:      layout_basic, minitemple, shapermc_ecumenical_altar_mp_ritualfount,
          hex_medium, uniq_sigmund
D:4:      layout_basic
D:5:      layout_rooms, gammafunk_temple_overflow_statue,
          minmay_temple_entry_butterflies, portal_sewer_entry_f,
          ebering_ghost_sewer_d, uniq_edmund
D:6:      layout_basic, dreamdust_wishing_well
D:7:      layout_rooms, lemuel_coloured_pillars_altar, serial_shops,
          nicolae_shop_crystal, serial_park_tiny_2,
          chequers_serial_rivers_micro_d, minivault_27
D:8:      layout_basic, minmay_splitting_lines
D:9:      layout_roguey, lair_entry_dummy, david_orc_4
D:10:     layout_small_grid, xom_teletrap_fun
D:11:     minmay_the_grid_net [minmay_the_grid_fan, minmay_the_grid_rooms,
          minmay_the_grid_minigrid_small, minmay_the_grid_mess,
          minmay_the_grid_tiny_cups, minmay_the_grid_prize_diamond_cup],
          layout_rooms, nicolae_trove_entry_isolated, kennysheep_nub,
          kennysheep_generic_room_16
D:12:     kennysheep_treasure_stockpile, layout_rooms,
          ebering_ghost_funeral_grove, roadster_trireme
D:13:     layout_roguey, hellmonk_vaults_order_and_chaos,
          nicolae_transporter_intersection
D:14:     layout_rooms, serial_shops, nicolae_diamond_shop,
          nicolae_zig_zag_zippers, serial_bayou_pond_b
D:15:     grunt_enter_depths_hoard, layout_basic,
          hellmonk_ghost_happy_afterlife, serial_shops,
          nicolae_shop_tiny_real_fake_doors, solitary_fountain
Temple:   nicolae_temple_bog_church
Lair:1:   layout_regular_city, gammafunk_ghost_berserking_beasts,
          grunt_megastairs_3, infiniplex_staircase_pool, uniq_harold
Lair:2:   layout_chaotic_city
Lair:3:   layout_cave_pods, palyth_hydra_swamp_entry, spider_nest_entry_webs,
          grunt_megastairs_5
Lair:4:   layout_gridlike, minmay_slime_entry_pillars,
          small_statue_intersection, serial_bayou_shore_a, grunt_megastairs_4
Lair:5:   cheibrodos_lair_end_hotspot, layout_big_grid
Swamp:1:  layout_basic_swamp, serial_swamp_ruin, evilmike_swamp_ruin_rubble_2,
          hangedman_swamp_ruin_wall, evilmike_swamp_ruin_house_5,
          swamp_pool_1_2, nicolae_swamp_some_circles,
          nicolae_swamp_feature_on_the_river_bank
Swamp:2:  layout_basic_swamp, nicolae_swamp_tree_designs
Swamp:3:  layout_basic_swamp, evilmike_swamp_ruin_house_4
Swamp:4:  swamp_basic_johnstein, layout_basic_swamp, swamp_pool_3
Spider:1: layout_spider_delve, portal_ice_cave_entry_pillars_four, uniq_nikola
Spider:2: layout_spider_delve, uniq_arachne, uniq_mlioglotl
Spider:3: nicolae_spider_mines_1, drop_trap, guppyfry_spider_mini_3, uniq_mara
Spider:4: guppyfry_spider_rune
Orc:1:    layout_caves, serial_shops, uniq_jorgrun
Orc:2:    pubby_orc_utopia
Elf:1:    minmay_elf_arrival_plus, layout_loops_cross, serial_shops, shop, shop,
          uniq_roxanne
Elf:2:    elven_hall_of_blades_hangedman_alternative [mumra_blade_entry_dagger],
          layout_onion_city, uniq_saint_roka
Elf:3:    minmay_elf_hall_quartered_circle, layout_onion_city, serial_shops,
          nicolae_book_shop_shelving
Vaults:1: nicolae_vaults_stepped_doors, v_misc_14, nicolae_vaults_tetromino_Z_2,
          nicolae_vaults_spaceships, vaults_dpeg_encased_lava,
          nicolae_vaults_sealed_display, v_pattern_3, nicolae_vaults_network_s,
          layout_vaults_omnigrid
Vaults:2: v_misc_33, nicolae_vaults_shipping_containers_6,
          hangedman_vaults_cutoff, lightli_orcish_oven, v_pattern_5,
          nicolae_vaults_yaktaur_gun_rack, nicolae_vaults_house_3,
          layout_vaults_chaotic_city, serial_shops, shop, uniq_margery,
          uniq_bai_suzhen
Vaults:3: nicolae_vaults_network_star, minmay_crypt_entry_necro_gods,
          hangedman_vaults_slice, v_misc_19, v_misc_19,
          nicolae_vaults_puzzle_piece, v_misc_3, nicolae_vaults_network_square,
          nicolae_vaults_house_3, nicolae_vaults_little_ls,
          nicolae_vaults_specimen_jars, nicolae_vaults_diagonal_hallway_8,
          layout_vaults_omnibox, serial_shops, nicolae_shop_statue_plus
Vaults:4: gammafunk_ghost_arena, v_misc_23, hangedman_vaults_cutoff,
          dpeg_vaults_monster_box, nicolae_vaults_trapezoid_3,
          ontoclasm_vaults_chip, hangedman_vaults_snaps,
          nicolae_vaults_border_crossing, ontoclasm_vaults_chip,
          layout_vaults_omnicross, serial_shops, shop, uniq_sojobo
Vaults:5: uniq_xtahua
Crypt:1:  layout_regular_city, grunt_crypt_arrival_guarded_gate, uniq_boris,
          uniq_grunn, uniq_zenata
Crypt:2:  layout_gridlike
Crypt:3:  cryptofortress_bobbens
Depths:1: layout_gridlike, grunt_hell_entry_demonic_statue, pan_entry,
          minivault_22, minmay_fractal_squares_diagonal_5, minmay_shop_grove,
          uniq_asterion, uniq_norris
Depths:2: little_maze_vault, layout_twisted_cross, evilmike_ruin_ashenzari,
          serial_shops, nicolae_shop_tiny_real_fake_doors,
          rand_demon_pan_entry_5, hell_entry,
          infiniplex_staircase_hallway_doors, uniq_josephina
Depths:3: dreamdust_experimentation, layout_gridlike,
          hangedman_abyss_entry_splay, hangedman_coc_ice_floe,
          minmay_misc_feat_tiny, grunt_megastairs_1,
          infiniplex_staircase_trident
Depths:4: evilmike_zot_entry_basic, layout_gridlike, enter_ziggurat_f,
          abyss_entry_flame_altar, hellmouth_1, nicolae_wu_jian_wuxing_cycle,
          grunt_pan_entry_in_and_out, elyvilon_altar_3, serial_bayou_shore_b
Zot:1:    layout_misc_corridors, grunt_ministairs_1, uniq_tiamat
Zot:2:    gammafunk_sealed_library, layout_twisted_circle
Zot:3:    kennysheep_spiral_hall, layout_misc_corridors,
          regret_index_zotdec_banners
Zot:4:    layout_onion_interference, hangedman_zot_decor_checkerboard
Zot:5:    layout_basic, skrybe_zot_glass_2

Skill      XL: |  1  2  3  4  5  6  7  8  9 10 11 12 13 14 15 16 17 18 19 20 21 22 23 24 25 26 27 |
---------------+----------------------------------------------------------------------------------+-----
Stealth        | 1 2 9 13 | 13.2
Dodging        | 1 2 3 4 5 6 8 10 12 14 | 14.9
Short Blades   | 1 2 4 6 7 9 |  9.8
Armour         | 4 5 7 10 12 14 | 14.9
Fighting       | 7 9 10 11 12 14 | 14.9
Shields        | 1 4 7 8 11 12 14 | 14.9
Translocations | 2 3 4 9 13 14 | 14.9
Evocations     | 2 4 8 14 | 14.9
Invocations    | 3 12 14 | 14.9
Spellcasting   | 4 7 8 12 14 | 14.9
Summonings     | 1 4 |  4.6
Earth Magic    | 1 5 |  5.1
Axes           | 6 14 | 14.9
Maces & Flails | 5 11 | 11.7
Throwing       | 6 13 14 | 14.9
Staves         | 7 10 | 10.2
Long Blades    | |  2.4

Action                     |  1- 3 |  4- 6 |  7- 9 | 10-12 | 13-15 | 16-18 | 19-21 | 22-24 | 25-27 || total
---------------------------+-------+-------+-------+-------+-------+-------+-------+-------+-------++-------
  Melee: Falchion          |    62 |    26 |       |       |       |       |       |       |       ||    88
         Headbutt          |    11 |    13 |    57 |   203 |   486 |   590 |   460 |   653 |   656 ||  3129
         Short sword       |       |    79 |   356 |   712 |  1793 |  2651 |  1713 |       |       ||  7304
         War axe           |       |       |       |       |       |       |   555 |  2359 |  1913 ||  4827
  Throw: Javelin           |     2 |     6 |       |       |       |       |       |       |       ||     8
         Dart              |       |       |       |       |       |     9 |    14 |     7 |       ||    30
         Boomerang         |       |       |       |       |       |       |       |       |   317 ||   317
   Cast: Manifold Assault  |       |       |       |       |       |   470 |   428 |   267 |   101 ||  1266
         Lesser Beckoning  |       |       |       |       |       |     2 |       |       |       ||     2
         Blink             |       |       |       |       |       |       |     1 |       |       ||     1
         Passwall          |       |       |       |       |       |       |     2 |       |       ||     2
         Death's Door      |       |       |       |       |       |       |     1 |     2 |     1 ||     4
         Dragon's Call     |       |       |       |       |       |       |       |     2 |     1 ||     3
         Apportation       |       |       |       |       |       |       |       |       |     1 ||     1
 Invoke: Channel Magic     |       |       |       |       |       |       |     2 |     8 |     5 ||    15
         Divine Exegesis   |       |       |       |       |       |       |     1 |     4 |     2 ||     7
  Evoke: Wand              |       |       |       |       |    12 |    34 |    32 |     7 |    31 ||   116
         Lightning rod     |       |       |       |       |     7 |     4 |    12 |     4 |       ||    27
         Phial of floods   |       |       |       |       |     1 |     1 |     1 |     2 |     1 ||     6
         Phantom mirror    |       |       |       |       |     1 |     2 |     2 |     3 |     3 ||    11
         Tin of tremorston |       |       |       |       |       |       |     2 |     4 |       ||     6
         Box of beasts     |       |       |       |       |       |       |       |       |     1 ||     1
    Use: Potion            |       |     2 |     3 |     2 |     5 |    12 |     7 |    11 |    28 ||    70
         Scroll            |       |     3 |    10 |     8 |     9 |    11 |    14 |     5 |    23 ||    83
   Stab: Paralysed         |       |       |       |       |     2 |     9 |     8 |       |    48 ||    67
         Invisible         |       |       |       |       |     3 |     5 |       |       |     4 ||    12
         Petrified         |       |       |       |       |     1 |       |       |       |       ||     1
         Distracted        |       |       |       |       |       |       |       |     2 |     5 ||     7
 Armour: Scale mail        |    22 |    34 |       |       |       |       |       |       |       ||    56
         Storm dragon scal |       |    40 |   192 |   244 |   488 |       |       |       |       ||   964
         Plate armour      |       |       |       |       |    47 |   853 |   893 |  1160 |  1218 ||  4171
         Skin              |       |       |       |       |       |       |       |    32 |       ||    32
  Dodge: Dodged            |    28 |    49 |    93 |   270 |   836 |  1000 |   739 |   653 |   492 ||  4160
         Repelled          |       |       |       |       |       |    12 |    69 |    68 |    92 ||   241
  Block: Buckler           |       |       |    42 |   100 |   578 |   721 |   442 |       |       ||  1883
         Reflection        |       |       |       |       |    51 |    35 |    64 |       |       ||   150
         Kite shield       |       |       |       |       |       |       |   225 |   972 |   888 ||  2085

Table legend: (Time is in decaauts)
 A = Elapsed time spent in this place.
 B = Non-inter-level travel time spent in this place.
 C = Inter-level travel time spent in this place.
 D = Time resting spent in this place.
 E = Time spent auto-exploring this place.
 F = Levels seen in this place.
 G = Mean time per level.
                   A        B        C        D        E       F      G
               +--------+--------+--------+--------+--------+-----+--------+
         Total | 125403 | 113571 |  11832 |  49430 |  42654 |  56 | 2239.3 |
       Dungeon |  22006 |  16699 |   5307 |   3025 |  10063 |  15 | 1467.1 |
        Temple |     49 |     15 |     34 |      0 |      0 |   1 |   49.0 |
          Lair |   8415 |   7290 |   1125 |   1734 |   3817 |   5 | 1683.0 |
         Swamp |  15077 |  14472 |    605 |   9711 |   2886 |   4 | 3769.2 |
   Spider Nest |  11565 |  11120 |    445 |   5758 |   3512 |   4 | 2891.2 |
  Orcish Mines |   5318 |   4376 |    942 |   1110 |   2384 |   2 | 2659.0 |
   Elven Halls |  12920 |  12489 |    431 |   6596 |   3775 |   3 | 4306.7 |
        Vaults |  18235 |  17311 |    924 |   7504 |   6709 |   5 | 3647.0 |
         Crypt |   5009 |   4869 |    140 |    912 |   2697 |   3 | 1669.7 |
        Depths |  14810 |  13484 |   1326 |   5747 |   5281 |   4 | 3702.5 |
           Zot |   9646 |   9097 |    549 |   6126 |   1355 |   5 | 1929.2 |
         Abyss |    670 |    670 |      0 |    394 |      0 |   2 |  335.0 |
         Trove |     58 |     58 |      0 |      0 |      0 |   1 |   58.0 |
         Sewer |    280 |    280 |      0 |     22 |    143 |   1 |  280.0 |
      Ice Cave |   1338 |   1338 |      0 |    787 |     30 |   1 | 1338.0 |
               +--------+--------+--------+--------+--------+-----+--------+

Top non-repeatable levels by time:
Vaults:5: 7429 daAuts
 Swamp:4: 7417 daAuts
   Elf:2: 5918 daAuts
   Elf:3: 5490 daAuts
   Orc:2: 4816 daAuts
Spider:2: 4226 daAuts
Depths:4: 3989 daAuts
   Zot:5: 3826 daAuts
Depths:2: 3811 daAuts
Depths:1: 3782 daAuts
Vaults:2: 3752 daAuts
Depths:3: 3227 daAuts
 Swamp:1: 2954 daAuts
    D:15: 2946 daAuts
Spider:3: 2945 daAuts

Table legend:
 A = Kills in this place as a percentage of kills in the entire game.
 B = Kills by you in this place as a percentage of kills by you in the entire game.
 C = Kills by friends in this place as a percentage of kills by friends in the entire game.
 D = Other kills in this place as a percentage of other kills in the entire game.
 E = Experience gained in this place as a percentage of experience gained in the entire game.
 F = Experience gained in this place divided by the number of levels of this place that you have seen.
                   A       B       C       D       E      F
               +-------+-------+-------+-------+-------+----------------------
         Total | 100.0 | 100.0 | 100.0 | 100.0 | 100.0 | 26460.2
       Dungeon |  17.1 |  16.4 |   0.0 |  25.0 |   6.7 | 6612.1
          Lair |   9.1 |   8.3 |   0.0 |  16.5 |   4.6 | 13563.2
         Swamp |   5.0 |   4.3 |   0.0 |  11.5 |   5.1 | 18875.0
   Spider Nest |   8.7 |   7.8 |   4.8 |  16.5 |   6.5 | 23998.8
  Orcish Mines |   7.6 |   7.4 |   0.0 |   9.2 |   2.3 | 16761.5
   Elven Halls |   6.0 |   5.4 |   4.8 |  11.2 |   7.2 | 35441.0
        Vaults |  15.6 |  17.3 |   0.0 |   2.7 |  22.1 | 65436.2
         Crypt |   8.0 |   8.6 |  38.1 |   0.4 |   8.4 | 41565.7
        Depths |  13.6 |  15.0 |  33.3 |   0.8 |  20.5 | 75932.5
           Zot |   6.4 |   7.0 |  19.0 |   0.0 |  14.9 | 44122.0
         Abyss |   0.8 |   0.9 |   0.0 |   0.8 |   0.8 | 5668.5
         Sewer |   0.7 |   0.8 |   0.0 |   0.4 |   0.0 | 221.0
      Ice Cave |   1.4 |   1.0 |   0.0 |   5.0 |   1.1 | 15658.0
               +-------+-------+-------+-------+-------+----------------------
